[Event "Titled Tuesday Blitz March 28 Early 2023"]
[White "Albornoz Cabrera, Carlos Daniel"]
[Black "Vidit, Santosh Gujrathi"]
[WhiteFideId "3518736"]
[BlackFideId "5029465"]
[WhiteElo "2501"]
[BlackElo "2651"]
[Result "0-1"]
[Round "10"]
[TimeControl "180+2"]
[Date "2023.03.28"]
[WhiteClock "0:00:08"]
[BlackClock "0:01:00"]

1. c4 e5 2. g3 d5 3. cxd5 Qxd5 4. Nf3 Nc6 5. Nc3 Qd8 6. d3 h6 7. Bg2 Nf6 8. O-O Bd6 9. a3 a5 10. Nd2 O-O 11. Nc4 Be6 12. Nxd6 cxd6 13. Be3 Qd7 14. Na4 Rad8 15. Nb6 Qc7 16. Nc4 Nd7 17. a4 d5 18. Na3 Rfe8 19. Nb5 Qb8 20. Rc1 Rc8 21. f4 f6 22. fxe5 fxe5 23. Qd2 Kh7 24. Rf2 Ne7 25. Ba7 Qa8 26. Be3 Rxc1+ 27. Qxc1 Rc8 28. Qf1 Qa6 29. h4 Ng8 30. Bh3 Ngf6 31. Bd2 Ng4 32. Bxg4 Bxg4 33. Rf7 Qe6 34. Bxa5 Bxe2 35. Qf5+ Qxf5 36. Rxf5 Rc1+ 37. Kh2 Bxd3 38. Rf7 Nf6 39. g4 Nxg4+ 40. Kg3 Rg1+ 41. Kh3 h5 42. Bb6 d4 43. Nxd4 exd4 44. Rxg7+ Kh6 0-1


[Site "https://www.chess.com"]

[Event "Titled Tuesday Blitz March 28 Early 2023"]
[White "Galchenko, Matvey"]
[Black "Wei, Yi"]
[WhiteFideId "24175480"]
[BlackFideId "8603405"]
[WhiteElo "2404"]
[BlackElo "2686"]
[Result "0-1"]
[Round "10"]
[TimeControl "180+2"]
[Date "2023.03.28"]
[WhiteClock "0:00:01"]
[BlackClock "0:00:10"]

1. e4 Nc6 2. d4 d5 3. e5 Bf5 4. c3 Qd7 5. Bd3 O-O-O 6. Ne2 f6 7. f4 g5 8. O-O gxf4 9. Bxf4 Bxd3 10. Qxd3 fxe5 11. dxe5 e6 12. Nd2 Nge7 13. Nf3 Ng6 14. Bg3 Bg7 15. Qe3 h5 16. h3 h4 17. Bh2 Rh5 18. Rae1 Bh6 19. Qd3 Ngxe5 20. Nxe5 Nxe5 21. Bxe5 Rxe5 22. Nd4 Qd6 23. Kh1 Bg7 24. Qg6 Rxe1 25. Rxe1 Bxd4 26. cxd4 Kd7 27. Rf1 Re8 28. Qh7+ Kc8 29. Qxh4 b6 30. Qg4 Qb4 31. Qg6 Re7 32. Qf6 Kd7 33. b3 c5 34. dxc5 bxc5 35. Qf8 d4 36. Qa8 Kd6 37. Qe4 Qb7 38. Qf4+ Kc6 39. Qe5 Qc7 40. Qe4+ Kb6 41. Rc1 a5 42. a3 e5 43. b4 axb4 44. axb4 c4 45. Qd5 c3 46. Ra1 Rd7 47. Qa5+ Kc6 48. Qc5+ Kb7 49. Ra7+ Kb8 50. Rxc7 Rxc7 51. Qb6+ Kc8 52. Qe6+ Kb7 53. Qd5+ Kb6 54. Qa5+ Kc6 55. h4 c2 0-1


[Site "https://www.chess.com"]

[Event "Titled Tuesday Blitz March 28 Early 2023"]
[White "Yoo, Christopher Woojin"]
[Black "Nagy, Gabor"]
[WhiteFideId "30909694"]
[BlackFideId "737119"]
[WhiteElo "2519"]
[BlackElo "2510"]
[Result "1-0"]
[Round "10"]
[TimeControl "180+2"]
[Date "2023.03.28"]
[WhiteClock "0:00:19"]
[BlackClock "0:02:00"]

1. e4 e5 2. Nf3 Nf6 3. d4 Nxe4 4. dxe5 d5 5. Bd3 Bg4 6. h3 Bh5 7. Nbd2 Nxd2 8. Bxd2 Be7 9. Qe2 c5 10. g4 Bg6 11. e6 O-O 12. Bxg6 fxg6 13. O-O-O Nc6 14. h4 Qb6 15. g5 Rae8 16. h5 Qa6 17. Qxa6 bxa6 18. Ne1 Rxf2 19. Nd3 Rf5 20. hxg6 hxg6 21. Rh3 c4 22. Rdh1 1-0


[Site "https://www.chess.com"]

[Event "Titled Tuesday Blitz March 28 Early 2023"]
[White "Bolourchifard, Farzad"]
[Black "Makhnev, Denis"]
[WhiteFideId "12510084"]
[BlackFideId "13707647"]
[WhiteElo "2317"]
[BlackElo "2525"]
[Result "1-0"]
[Round "10"]
[TimeControl "180+2"]
[Date "2023.03.28"]
[WhiteClock "0:00:20"]
[BlackClock "0:00:19"]

1. e4 e5 2. Nf3 Nc6 3. Bc4 Bc5 4. d3 Nf6 5. O-O a5 6. c3 d6 7. Re1 O-O 8. h3 h6 9. Nbd2 a4 10. a3 Bd7 11. Nf1 Bb6 12. Be3 Bxe3 13. Nxe3 Re8 14. Nh4 Ne7 15. Qf3 Be6 16. Ng4 Nxg4 17. Bxe6 fxe6 18. Qxg4 Qd7 19. d4 Ra5 20. d5 Nc8 21. Rad1 Nb6 22. dxe6 Qxe6 23. Nf5 Qf6 24. Rd3 Kh7 25. Rg3 g6 26. Nh4 Rg8 27. Ree3 h5 28. Ref3 Qe7 29. Nxg6 hxg4 30. Nxe7 gxf3 31. Nxg8 fxg2 32. Nf6+ Kh6 33. h4 Nc8 34. Kxg2 Ne7 35. Ne8 1-0


[Site "https://www.chess.com"]

[Event "Titled Tuesday Blitz March 28 Early 2023"]
[White "Prohaszka, Peter"]
[Black "Gukesh D"]
[WhiteFideId "726265"]
[BlackFideId "46616543"]
[WhiteElo "2626"]
[BlackElo "2612"]
[Result "0-1"]
[Round "10"]
[TimeControl "180+2"]
[Date "2023.03.28"]
[WhiteClock "0:00:01"]
[BlackClock "0:00:43"]

1. d4 d5 2. c3 Nf6 3. Nf3 Bf5 4. Qb3 Qc8 5. Bf4 e6 6. e3 c5 7. c4 Nc6 8. Nc3 cxd4 9. Nxd4 Nxd4 10. exd4 Be7 11. cxd5 O-O 12. d6 Bd8 13. Be2 Bb6 14. O-O Bxd4 15. Rac1 Qd8 16. Nb5 Nd5 17. Bg3 Bb6 18. Nc7 Nxc7 19. dxc7 Qe7 20. Bf3 e5 21. Bxb7 Rae8 22. Qf3 g6 23. Qc6 h5 24. h4 Bc8 25. Rfd1 Bxb7 26. Qxb7 Rc8 27. Qd5 Rfe8 28. Bxe5 Qxe5 29. Qxe5 Rxe5 30. Rd7 Kf8 31. b4 Re7 32. Rcd1 Rxd7 33. Rxd7 Rxc7 34. Rd2 Rc4 35. Rb2 Rxh4 0-1


[Site "https://www.chess.com"]

[Event "Titled Tuesday Blitz March 28 Early 2023"]
[White "Koustav, Chatterjee"]
[Black "Santos Ruiz, Miguel"]
[WhiteFideId "25073060"]
[BlackFideId "22291482"]
[WhiteElo "2432"]
[BlackElo "2504"]
[Result "1-0"]
[Round "10"]
[TimeControl "180+2"]
[Date "2023.03.28"]
[WhiteClock "0:00:23"]
[BlackClock "0:00:26"]

1. Nf3 d5 2. d4 c6 3. c4 Nf6 4. e3 e6 5. b3 Nbd7 6. Bd3 b6 7. O-O Bb7 8. Nbd2 c5 9. Bb2 Rc8 10. Qe2 Be7 11. cxd5 exd5 12. Bf5 O-O 13. Ne5 Rc7 14. Ndf3 g6 15. Bxd7 Nxd7 16. Nxd7 Qxd7 17. dxc5 bxc5 18. Rac1 Qe6 19. Rfd1 d4 20. Nxd4 Qd5 21. Nf3 Qf5 22. Ba1 Rfc8 23. Ne5 h5 24. Nc4 h4 25. h3 Qg5 26. f3 Bf6 27. f4 Qf5 28. Nd6 Qe6 29. Bxf6 Qxf6 30. Nxc8 Rxc8 31. Rd2 Be4 32. Rcd1 Re8 33. Rd6 Qe7 34. Qd2 Kh7 35. Rd8 Bc6 36. Rxe8 Qxe8 37. Qf2 Qe7 38. f5 g5 39. f6 Qe4 40. Qf3 Qxf3 41. gxf3 Bxf3 42. Rd7 Kg6 43. Rxa7 Kxf6 44. a4 Kg6 45. a5 f5 46. a6 g4 47. Rc7 gxh3 48. a7 Kg5 49. Rc8 Kg4 50. Kh2 1-0


[Site "https://www.chess.com"]

[Event "Titled Tuesday Blitz March 28 Early 2023"]
[White "Zhao, Jun"]
[Black "Chigaev, Maksim"]
[WhiteFideId "8602522"]
[BlackFideId "4108116"]
[WhiteElo "2547"]
[BlackElo "2547"]
[Result "1-0"]
[Round "10"]
[TimeControl "180+2"]
[Date "2023.03.28"]
[WhiteClock "0:01:47"]
[BlackClock "0:01:30"]

1. Nf3 d5 2. d4 Nf6 3. c4 e6 4. Nc3 c6 5. e3 Nbd7 6. Qc2 Bd6 7. b3 O-O 8. Be2 Re8 9. Bb2 a6 10. O-O e5 11. cxd5 cxd5 12. dxe5 Nxe5 13. Rad1 Nxf3+ 14. Bxf3 Be6 15. Ne2 Rc8 16. Qd3 b5 17. h3 h6 18. Nf4 Bb8 19. Rd2 Bxf4 20. exf4 Ne4 21. Bxe4 dxe4 22. Qg3 1-0


[Site "https://www.chess.com"]

[Event "Titled Tuesday Blitz March 28 Early 2023"]
[White "Cherniaiev, Tykhon"]
[Black "Ozen, Deniz"]
[WhiteFideId "14182360"]
[BlackFideId "6349196"]
[WhiteElo "2450"]
[BlackElo "2303"]
[Result "1/2-1/2"]
[Round "10"]
[TimeControl "180+2"]
[Date "2023.03.28"]
[WhiteClock "0:00:09"]
[BlackClock "0:00:47"]

1. Nf3 d5 2. d4 Nf6 3. c4 c6 4. e3 Bf5 5. Bd3 Bxd3 6. Qxd3 e6 7. O-O Bd6 8. Nbd2 O-O 9. e4 dxe4 10. Nxe4 Nxe4 11. Qxe4 Nd7 12. b3 Nf6 13. Qd3 c5 14. Bb2 cxd4 15. Qxd4 Be7 16. Qxd8 Rfxd8 17. Rad1 Bc5 18. Bd4 Bxd4 19. Nxd4 Ne4 20. Ne2 Nd2 21. Rfe1 Rd7 22. Nc3 Rad8 23. Rc1 Kf8 24. f3 g5 25. Re2 h5 26. h3 g4 27. hxg4 hxg4 28. fxg4 Rd4 29. Kf2 Rxg4 30. Rc2 Rgd4 31. Ke1 Nb1 32. Nxb1 Rd1+ 33. Kf2 Rxb1 34. Red2 Ke7 35. Rxd8 Kxd8 36. Rd2+ Ke7 37. Re2 f5 38. Kf3 Kf6 39. g4 Rf1+ 40. Kg2 Ra1 41. gxf5 Kxf5 42. Kf3 e5 43. Ke3 e4 44. Rf2+ Ke5 45. Rf7 Re1+ 46. Kd2 Ra1 47. Ke3 Re1+ 48. Kd2 Ra1 49. Ke3 1/2-1/2


[Site "https://www.chess.com"]

[Event "Titled Tuesday Blitz March 28 Early 2023"]
[White "Papasimakopoulos, Alexandros"]
[Black "Rustemov, Alexander"]
[WhiteFideId "4244125"]
[BlackFideId "4119002"]
[WhiteElo "2359"]
[BlackElo "2865"]
[Result "0-1"]
[Round "10"]
[TimeControl "180+2"]
[Date "2023.03.28"]
[WhiteClock "0:00:11"]
[BlackClock "0:01:18"]

1. d4 g6 2. g3 Bg7 3. Nf3 c5 4. Bg2 cxd4 5. Nxd4 Nc6 6. c3 Nf6 7. O-O O-O 8. Nd2 d5 9. N2f3 Ne4 10. Nxc6 bxc6 11. Nd2 Nd6 12. Nb3 Nc4 13. Nd4 Bd7 14. b3 Nd6 15. Bb2 Qb6 16. Rc1 Rfd8 17. Qd2 Rac8 18. Rfd1 e5 19. Nf3 Ne4 20. Qe1 Be6 21. e3 a5 22. Nd2 Nc5 23. Nf3 e4 24. Nd4 Bg4 25. f3 exf3 26. Bxf3 Bxf3 27. Nxf3 Re8 28. Qe2 Bh6 29. Kh1 Bxe3 30. Rb1 Ne4 31. Kg2 Bh6 32. Qf1 a4 33. c4 axb3 34. axb3 Qxb3 35. cxd5 Qc2+ 36. Kh3 Nf2+ 37. Kh4 Qe4+ 38. g4 Qxg4# 0-1


[Site "https://www.chess.com"]

[Event "Titled Tuesday Blitz March 28 Early 2023"]
[White "demon64fields"]
[Black "wqws"]
[WhiteElo "2856"]
[BlackElo "2692"]
[Result "1-0"]
[Round "10"]
[TimeControl "180+2"]
[Date "2023.03.28"]
[WhiteClock "0:00:33"]
[BlackClock "0:00:07"]

1. Nf3 Nf6 2. g3 d5 3. Bg2 e6 4. O-O c5 5. d3 Nc6 6. Nbd2 Be7 7. e4 b6 8. Re1 Bb7 9. e5 Nd7 10. h4 Qc7 11. Qe2 h6 12. Nf1 g5 13. hxg5 hxg5 14. N1h2 O-O-O 15. Ng4 Rdg8 16. c3 Kb8 17. a3 Bc8 18. b4 f5 19. exf6 Nxf6 20. Nfe5 Nxe5 21. Nxe5 Bd6 22. bxc5 bxc5 23. Rb1+ Ka8 24. c4 Qh7 25. Ng4 Nxg4 26. Qxg4 Qh2+ 27. Kf1 Rf8 28. Rb2 Bxg3 29. Rxe6 Bb7 30. Re7 Bxf2 31. Rxf2 Rxf2+ 32. Kxf2 Rf8+ 33. Ke2 Qg1 34. Be3 Qb1 35. Rxb7 Qc2+ 36. Ke1 Qc3+ 37. Bd2 Qe5+ 38. Kd1 Qa1+ 39. Kc2 Kxb7 40. Qd7+ 1-0


[Site "https://www.chess.com"]

[Event "Titled Tuesday Blitz March 28 Early 2023"]
[White "Pakleza, Zbigniew"]
[Black "Vlassov, Nikolai"]
[WhiteFideId "1119290"]
[BlackFideId "4103360"]
[WhiteElo "2410"]
[BlackElo "2324"]
[Result "1/2-1/2"]
[Round "10"]
[TimeControl "180+2"]
[Date "2023.03.28"]
[WhiteClock "0:00:14"]
[BlackClock "0:00:09"]

1. d4 Nf6 2. Nf3 e6 3. Bf4 c5 4. c3 b6 5. e3 Bb7 6. Nbd2 Be7 7. h3 d6 8. Bd3 Nbd7 9. Qe2 h6 10. a4 Qc7 11. Bh2 O-O 12. O-O Rfe8 13. e4 e5 14. dxe5 dxe5 15. Nc4 Bf8 16. Rfd1 Re6 17. Qc2 Nh5 18. Ne3 Nf4 19. Bc4 Rd6 20. Rxd6 Bxd6 21. Rd1 Nf8 22. Nf5 Rd8 23. Rxd6 Rxd6 24. Nxe5 Bxe4 25. Qxe4 Rd1+ 26. Bf1 N4e6 27. Bg3 Qd8 28. Ne3 Ra1 29. Kh2 Ng5 30. Qg4 Nfh7 31. Bc4 Nf6 32. Qf5 Rxa4 33. h4 Nge4 34. Nxf7 Qe7 35. Ne5+ Rxc4 36. N3xc4 Nxg3 37. Kxg3 b5 38. Ne3 b4 39. cxb4 cxb4 40. N5g4 Ne4+ 41. Kh2 a5 42. Qxa5 Qxh4+ 43. Kg1 Qe7 44. Qd5+ Kh7 45. Qe5 Qb7 46. Nd5 Ng5 47. Qf5+ Kg8 48. Qc8+ Qxc8 49. Ne7+ Kf7 50. Nxc8 Ke6 51. Nb6 Kd6 52. Ne3 Kc5 53. Na4+ Kd4 54. Kf1 Kd3 55. Ke1 Ne6 56. g3 h5 57. b3 g5 58. Kd1 h4 59. gxh4 gxh4 60. Nf1 h3 61. Nh2 Ng5 62. Kc1 Ne4 63. f4 Nf6 64. Kb2 Ke4 65. Nc5+ Kxf4 66. Nd3+ Kg3 67. Nf1+ Kg2 68. Ne3+ Kf3 69. Nf1 Kg2 70. Ne3+ Kf3 71. Nf1 Ke2 72. Nf4+ Kxf1 73. Nxh3 Ke2 74. Nf4+ Ke3 75. Ne6 Ke4 76. Nc5+ Kd5 77. Na6 Kd4 78. Nxb4 Ne4 79. Ka3 Nc5 80. Nc2+ Kc3 81. b4 Nd3 82. b5 Kxc2 83. b6 Nc5 84. Kb4 Nb7 85. Kb5 Kc3 86. Kc6 Na5+ 87. Kb5 Nb7 88. Ka6 Nc5+ 89. Ka7 Kb4 90. Kb8 Kb5 91. Kc7 Ka6 92. b7 Nxb7 1/2-1/2


[Site "https://www.chess.com"]

[Event "Titled Tuesday Blitz March 28 Early 2023"]
[White "Ismagilov, Damir"]
[Black "Urazayev, Arystanbek"]
[WhiteFideId "34199982"]
[BlackFideId "13709810"]
[WhiteElo "2078"]
[BlackElo "2479"]
[Result "0-1"]
[Round "10"]
[TimeControl "180+2"]
[Date "2023.03.28"]
[WhiteClock "0:00:28"]
[BlackClock "0:01:06"]

1. d4 Nf6 2. Bf4 e6 3. e3 d5 4. Nd2 c5 5. c3 Nc6 6. Bd3 Qb6 7. Rb1 Bd7 8. h3 Be7 9. Ngf3 O-O 10. O-O Rac8 11. Ne5 Be8 12. Bg5 h6 13. Bh4 Qd8 14. f4 Nxe5 15. fxe5 Nd7 16. Bxe7 Qxe7 17. e4 cxd4 18. cxd4 Nb6 19. Qe2 Qb4 20. Nf3 Bd7 21. exd5 Nxd5 22. Qe4 f5 23. exf6 Nxf6 24. Qg6 Be8 25. Qg3 Bc6 26. Qg6 Be8 27. Qg3 Bb5 28. Bxb5 Qxb5 29. Rfe1 Qd5 30. Qe5 Qxa2 31. Qxe6+ Qxe6 32. Rxe6 Nd5 33. Rd6 Nf4 34. Rf1 Rc2 35. Rf2 Ne2+ 36. Kh2 Nxd4 37. Rxc2 Nxc2 38. Rd7 Rf7 39. Rd8+ Kh7 40. Ne5 Re7 41. Nc4 Ne3 42. Nd6 h5 43. Nc8 Rc7 44. Re8 Nf1+ 45. Kg1 Ng3 46. Nxa7 h4 47. Nb5 Rc1+ 48. Kf2 Rf1+ 49. Ke3 Re1+ 50. Kf4 Rxe8 51. Nd6 Re6 52. Nxb7 Rb6 53. Nd8 Rxb2 54. Ne6 Rb4+ 55. Kf3 Nf5 56. Ng5+ Kg6 57. Ne6 Nd4+ 58. Nxd4 Rxd4 59. g4 Ra4 0-1


[Site "https://www.chess.com"]

[Event "Titled Tuesday Blitz March 28 Early 2023"]
[White "Tica, Sven"]
[Black "Timofeev, Artyom"]
[WhiteFideId "14526948"]
[BlackFideId "4140419"]
[WhiteElo "2348"]
[BlackElo "2586"]
[Result "1-0"]
[Round "10"]
[TimeControl "180+2"]
[Date "2023.03.28"]
[WhiteClock "0:00:09"]
[BlackClock "0:00:06"]

1. e4 e5 2. f4 exf4 3. Nf3 d5 4. exd5 Nf6 5. c4 c6 6. d4 cxd5 7. Bxf4 Bb4+ 8. Nc3 O-O 9. Be2 dxc4 10. O-O Be6 11. Ng5 Bxc3 12. Nxe6 fxe6 13. bxc3 Nd5 14. Bd2 Rxf1+ 15. Qxf1 Nd7 16. Bxc4 Rc8 17. Qe2 Qb6 18. Re1 N7f6 19. Bb3 Re8 20. Kh1 Qd6 21. c4 Nc7 22. Bc3 b6 23. Qf3 h6 24. Re5 Nd7 25. Re3 Kh8 26. Qe2 a6 27. Bc2 Nf6 28. Qd3 Kg8 29. Rf3 Rf8 30. Bb2 b5 31. Ba3 b4 32. Bc1 a5 33. Bxh6 e5 34. Rg3 Rf7 35. c5 Qe6 36. Qg6 exd4 37. h3 Nfe8 38. Qh5 Qe1+ 39. Kh2 Rf1 40. Bb3+ Kf8 41. Bxg7+ Nxg7 42. Qh8+ Ke7 43. Rxg7+ Kf6 44. Qf8+ Ke5 45. Re7+ Ne6 46. Rxe6# 1-0


[Site "https://www.chess.com"]

[Event "Titled Tuesday Blitz March 28 Early 2023"]
[White "Gabrielian, Artur"]
[Black "Bodnaruk, Anastasia"]
[WhiteFideId "4131002"]
[BlackFideId "4181751"]
[WhiteElo "2432"]
[BlackElo "2310"]
[Result "1-0"]
[Round "10"]
[TimeControl "180+2"]
[Date "2023.03.28"]
[WhiteClock "0:00:32"]
[BlackClock "0:00:02"]

1. e4 c5 2. Nf3 d6 3. d4 cxd4 4. Nxd4 Nf6 5. Nc3 a6 6. Bc4 e6 7. Be3 Be7 8. Bb3 O-O 9. g4 b5 10. g5 Ne8 11. h4 b4 12. Nce2 Bb7 13. Ng3 d5 14. e5 Nd7 15. f4 Nc5 16. h5 f5 17. gxf6 gxf6 18. h6 Kh8 19. Qe2 a5 20. a3 a4 21. axb4 Nxb3 22. cxb3 Bxb4+ 23. Bd2 Qb6 24. Bxb4 Qxb4+ 25. Qd2 Qb6 26. Nge2 axb3 27. Rxa8 Bxa8 28. Rg1 Bb7 29. Rg3 Rg8 30. Rxg8+ Kxg8 31. Qc3 Qc7 32. Qxb3 Bc8 33. Qg3+ Kf8 34. Qe3 f5 35. b3 Qf7 36. Qc3 Qc7 37. Qb4+ Kg8 38. Kd2 Bd7 39. Qe7 Qc8 40. b4 Qc7 41. b5 Qa5+ 42. Ke3 1-0


[Site "https://www.chess.com"]

[Event "Titled Tuesday Blitz March 28 Early 2023"]
[White "Hnydiuk, Aleksander"]
[Black "Ashraf, Artin"]
[WhiteFideId "1109057"]
[BlackFideId "22514805"]
[WhiteElo "2374"]
[BlackElo "2188"]
[Result "0-1"]
[Round "10"]
[TimeControl "180+2"]
[Date "2023.03.28"]
[WhiteClock "0:00:04"]
[BlackClock "0:00:04"]

1. e4 c5 2. Nf3 d6 3. d4 cxd4 4. Nxd4 Nf6 5. Nc3 a6 6. Bg5 e6 7. f4 h6 8. Bh4 Qb6 9. a3 Nc6 10. Bf2 Qc7 11. Qd2 Bd7 12. O-O-O Rc8 13. Kb1 Be7 14. Be2 b5 15. Rhg1 Nxd4 16. Bxd4 e5 17. Be3 O-O 18. g4 Bc6 19. Bf3 Qb7 20. fxe5 dxe5 21. g5 Nxe4 22. Bxe4 Bxe4 23. gxh6 g6 24. Qd7 Rc7 25. Qg4 Bf3 26. h7+ Kh8 27. Qg3 Bxd1 28. Rxd1 Bf6 29. Rf1 Bg7 30. h4 Kxh7 31. h5 Qc6 32. Qh2 g5 33. h6 Bh8 34. Bxg5 f5 35. Rd1 Qg6 36. Nd5 Rcf7 37. Bc1 f4 0-1


[Site "https://www.chess.com"]

[Event "Titled Tuesday Blitz March 28 Early 2023"]
[White "Kosakowski, Jakub"]
[Black "Dixit, Nikhil"]
[WhiteFideId "1185080"]
[BlackFideId "5059534"]
[WhiteElo "2488"]
[BlackElo "2207"]
[Result "0-1"]
[Round "10"]
[TimeControl "180+2"]
[Date "2023.03.28"]
[WhiteClock "0:00:02"]
[BlackClock "0:00:12"]

1. d4 Nf6 2. c4 g6 3. Nf3 Bg7 4. g3 O-O 5. Bg2 d6 6. O-O Nbd7 7. Nc3 e5 8. e4 a6 9. Qc2 exd4 10. Nxd4 Re8 11. Rd1 Rb8 12. h3 c5 13. Nf3 b5 14. cxb5 axb5 15. Bf4 b4 16. Bxd6 bxc3 17. Bxb8 Qb6 18. Bf4 cxb2 19. Rab1 Nxe4 20. Re1 Bb7 21. Ng5 Nd6 22. Bxb7 Rxe1+ 23. Rxe1 Nxb7 24. Qc4 Nd8 25. Qd3 h6 26. Nf3 Ne6 27. Bd2 c4 28. Qc2 Nd4 29. Nxd4 Bxd4 30. Kg2 c3 31. Bxh6 Qc6+ 32. f3 Ne5 33. Bf4 Qxf3+ 34. Kh2 Nd3 35. Re8+ Kg7 0-1


[Site "https://www.chess.com"]

[Event "Titled Tuesday Blitz March 28 Early 2023"]
[White "Dzhumagaliev, Yan"]
[Black "Sanchez Alvares, Kelvin Antonio"]
[WhiteFideId "24100110"]
[BlackFideId "3906680"]
[WhiteElo "2476"]
[BlackElo "2217"]
[Result "1-0"]
[Round "10"]
[TimeControl "180+2"]
[Date "2023.03.28"]
[WhiteClock "0:00:40"]
[BlackClock "0:01:32"]

1. Nf3 d5 2. h4 c6 3. h5 h6 4. d4 Bg4 5. c4 e6 6. Ne5 Bf5 7. Nc3 Nd7 8. Qb3 Nxe5 9. dxe5 Qb6 10. Be3 Qb4 11. Rh4 Be7 12. Qxb4 Bxb4 13. cxd5 Bxc3+ 14. bxc3 exd5 15. a4 Ne7 16. Rb4 b6 17. g4 Be4 18. f3 Bh7 19. a5 b5 20. a6 Kd7 21. Bc5 Nc8 22. e4 dxe4 23. O-O-O+ Kc7 24. c4 Rd8 25. Rxd8 Kxd8 26. cxb5 cxb5 27. Rd4+ Kc7 28. Bxb5 Nb6 29. Bd6+ Kc8 30. f4 g6 31. hxg6 Bxg6 32. f5 Bh7 33. Bc6 h5 34. Bb7+ Kd8 35. Bc5+ Ke8 36. Bc6+ 1-0


[Site "https://www.chess.com"]

[Event "Titled Tuesday Blitz March 28 Early 2023"]
[White "Cori T., Deysi"]
[Black "Hansen, Eric"]
[WhiteFideId "3801934"]
[BlackFideId "2606771"]
[WhiteElo "2292"]
[BlackElo "2569"]
[Result "0-1"]
[Round "10"]
[TimeControl "180+2"]
[Date "2023.03.28"]
[WhiteClock "0:00:07"]
[BlackClock "0:00:15"]

1. Nf3 d5 2. e3 Nf6 3. c4 c5 4. cxd5 Nxd5 5. Bb5+ Bd7 6. Qe2 a6 7. Bxd7+ Nxd7 8. d4 e6 9. O-O Be7 10. Rd1 cxd4 11. e4 N5f6 12. e5 Nd5 13. Nxd4 O-O 14. Nd2 Qa5 15. N2f3 Rfd8 16. Bg5 Bxg5 17. Nxg5 h6 18. Ngf3 Rac8 19. g3 Qa4 20. h4 Nc5 21. Kg2 Ne7 22. h5 Rd5 23. b3 Qd7 24. Nc2 Rd8 25. Ne3 Rd3 26. b4 Ne4 27. Qc2 Nc6 28. a3 Nc3 29. Re1 Nb5 30. Red1 Nxa3 31. Rxd3 Qxd3 32. Qxd3 Rxd3 33. Ne1 Rb3 0-1


[Site "https://www.chess.com"]

[Event "Titled Tuesday Blitz March 28 Early 2023"]
[White "Harsha Bharathakoti"]
[Black "Kozak, Antoni"]
[WhiteFideId "5078776"]
[BlackFideId "21832030"]
[WhiteElo "2481"]
[BlackElo "2470"]
[Result "0-1"]
[Round "10"]
[TimeControl "180+2"]
[Date "2023.03.28"]
[WhiteClock "0:01:14"]
[BlackClock "0:01:53"]

1. c4 Nf6 2. Nc3 c5 3. Nf3 d5 4. cxd5 Nxd5 5. e4 Nb4 6. Be2 Nd3+ 7. Kf1 Nc6 8. h4 e5 9. Nd5 Ndb4 10. Nxb4 cxb4 11. Bb5 Bc5 12. Nxe5 O-O 13. Nf3 Bg4 14. Bxc6 bxc6 15. d4 Bxf3 16. Qxf3 Bxd4 17. Rb1 Qb6 18. h5 Qa6+ 0-1


[Site "https://www.chess.com"]

[Event "Titled Tuesday Blitz March 28 Early 2023"]
[White "Aaditya Dhingra"]
[Black "Salinas Herrera, Pablo"]
[WhiteFideId "25678191"]
[BlackFideId "3407128"]
[WhiteElo "2083"]
[BlackElo "2550"]
[Result "1-0"]
[Round "10"]
[TimeControl "180+2"]
[Date "2023.03.28"]
[WhiteClock "0:00:58"]
[BlackClock "0:00:14"]

1. e4 c5 2. Nc3 a6 3. Nf3 e6 4. d4 cxd4 5. Nxd4 Qc7 6. a3 d6 7. f4 Nf6 8. Be2 b5 9. O-O Bb7 10. Bf3 Nbd7 11. Kh1 g6 12. e5 Nh5 13. exd6 Qb6 14. Be3 Bxf3 15. Qxf3 Qb8 16. f5 Ne5 17. d7+ Kxd7 18. fxe6+ fxe6 19. Qh3 Ng7 20. Rad1 Bd6 21. Ndxb5 axb5 22. Bc5 Rf8 23. Rxf8 Qxf8 24. Bxd6 Qxd6 25. Rxd6+ Kxd6 26. Nxb5+ Ke7 27. Qh4+ Kd7 28. Qd4+ 1-0


[Site "https://www.chess.com"]

[Event "Titled Tuesday Blitz March 28 Early 2023"]
[White "Domingo Nunez, Alejandro"]
[Black "Warmerdam, Max"]
[WhiteFideId "22245561"]
[BlackFideId "1048104"]
[WhiteElo "2230"]
[BlackElo "2518"]
[Result "0-1"]
[Round "10"]
[TimeControl "180+2"]
[Date "2023.03.28"]
[WhiteClock "0:00:13"]
[BlackClock "0:00:27"]

1. e4 e5 2. Nf3 Nc6 3. Bc4 Nf6 4. d3 Bc5 5. c3 d6 6. O-O a5 7. Re1 O-O 8. h3 Ba7 9. Nbd2 Be6 10. Bb5 Ne7 11. d4 Ng6 12. Nf1 exd4 13. cxd4 d5 14. e5 Ne4 15. Ng3 f5 16. exf6 Qxf6 17. Bd3 Nxf2 18. Kxf2 Nh4 19. Be2 Bxd4+ 20. Kf1 Rae8 21. Qd3 Bb6 22. Bd1 Bxh3 23. gxh3 Nxf3 24. Rxe8 Nh2+ 25. Kg2 Qf2+ 26. Kh1 Qg1# 0-1


[Site "https://www.chess.com"]

[Event "Titled Tuesday Blitz March 28 Early 2023"]
[White "Poormosavi, Seyed Kian"]
[Black "Smirnov, Pavel"]
[WhiteFideId "12585807"]
[BlackFideId "4123425"]
[WhiteElo "2334"]
[BlackElo "2519"]
[Result "0-1"]
[Round "10"]
[TimeControl "180+2"]
[Date "2023.03.28"]
[WhiteClock "0:02:28"]
[BlackClock "0:02:41"]

1. Nf3 Nf6 2. g3 d5 3. Bg2 e6 4. O-O Be7 5. d3 O-O 6. Nbd2 c5 7. e4 Nc6 8. Re1 dxe4 9. dxe4 e5 10. c3 Qc7 11. a4 Be6 12. Qe2 Rfd8 13. Nf1 Na5 14. N3d2 c4 15. Ne3 Bc5 16. Ndxc4 Nxc4 17. Nd5 Nxd5 18. exd5 Bxd5 19. Bxd5 Rxd5 20. Kg2 Qc6 21. Qe4 Nd6 22. Qf3 e4 23. Qg4 Rd3 24. Bf4 e3+ 25. f3 f5 26. Qg5 e2 27. Bxd6 Qxf3+ 28. Kh3 Bxd6 0-1


[Site "https://www.chess.com"]

[Event "Titled Tuesday Blitz March 28 Early 2023"]
[White "Karthik, Venkataraman"]
[Black "Gontcharov, Vladislav"]
[WhiteFideId "25006479"]
[BlackFideId "4123492"]
[WhiteElo "2419"]
[BlackElo "2470"]
[Result "1-0"]
[Round "10"]
[TimeControl "180+2"]
[Date "2023.03.28"]
[WhiteClock "0:01:10"]
[BlackClock "0:00:01"]

1. f4 Nf6 2. Nf3 g6 3. g3 Bg7 4. Bg2 O-O 5. O-O d6 6. d3 e5 7. e4 exf4 8. gxf4 c5 9. Nc3 Nc6 10. f5 Nd4 11. Nxd4 cxd4 12. Ne2 Nd7 13. Bf4 Qb6 14. Kh1 Ne5 15. c3 dxc3 16. bxc3 Bd7 17. Rb1 Qa6 18. d4 Nc4 19. Ng3 Bc6 20. Rf2 Rfe8 21. Qg4 b5 22. Rbf1 Qb7 23. Bc1 b4 24. f6 Bf8 25. Qh4 bxc3 26. Bh6 Kh8 27. Rf4 Ne3 28. Bxf8 Rxf8 29. Qh6 Nf5 30. Nxf5 1-0


[Site "https://www.chess.com"]

[Event "Titled Tuesday Blitz March 28 Early 2023"]
[White "Flores, Diego"]
[Black "Girya, Olga"]
[WhiteFideId "108049"]
[BlackFideId "4195752"]
[WhiteElo "2606"]
[BlackElo "2263"]
[Result "0-1"]
[Round "10"]
[TimeControl "180+2"]
[Date "2023.03.28"]
[WhiteClock "0:00:01"]
[BlackClock "0:00:04"]

1. c4 Nf6 2. Nc3 e5 3. Nf3 Nc6 4. e3 Bb4 5. Nd5 e4 6. Ng1 Bc5 7. a3 a5 8. Ne2 Nxd5 9. cxd5 Ne5 10. Nc3 f5 11. d4 exd3 12. Bxd3 Nxd3+ 13. Qxd3 d6 14. O-O O-O 15. Ne2 Qf6 16. Bd2 Bd7 17. Bc3 Qf7 18. Nf4 a4 19. h4 Rfe8 20. g3 Re4 21. Kg2 Rae8 22. Rh1 h6 23. h5 c6 24. Kf1 cxd5 25. Rd1 b5 26. Bd4 Bxd4 27. exd4 b4 28. Kg2 Rb8 29. Rc1 Qf6 30. Rhd1 Bb5 31. Qd2 Bc4 32. axb4 Qg5 33. Rc3 Rxb4 34. Rdc1 Rb8 35. R1c2 Rbe8 36. Rf3 Qg4 0-1


[Site "https://www.chess.com"]